 Dungeon Crawl Stone Soup version 0.30.0-18-gc0e69614cb (webtiles) character file.

Game seed: 3000119439652242273

539 sampeng1 the Chopper (level 7, -3/62 HPs)
             Began as a Minotaur Berserker on May 26, 2023.
             Was a Priest of Trog.
             Killed from afar by an orc wizard (7 damage)
             ... with a puff of flame
             ... on level 4 of the Dungeon.
             The game lasted 00:10:47 (3122 turns).

sampeng1 the Chopper (Minotaur Berserker)           Turns: 3122, Time: 00:10:48

Health: -3/62      AC:  7    Str: 23    XL:     7   Next: 5%
Magic:  15/15      EV: 12    Int:  7    God:    Trog [***...]
Gold:   266        SH:  0    Dex: 10    Spells: 6/6 levels left

rFire   x . .        a - +1 hand axe
rCold   + . .        (no shield)
rNeg    . . .        h - +1 ring mail
rPois   .            (helmet restricted)
rElec   .            (no cloak)
rCorr   .            (no gloves)
SInv    .            (no boots)
Will    +....        (no amulet) Stlth
                     i - ring of willpower
HPRegen 0.30/turn    b - ring "Itacisudgh" {rF- rC+ MP+9 Int+3 Slay+6}
MPRegen 0.14/turn

%: no passive effects
@: no status effects
A: horns 2, retaliatory headbutt
a: Renounce Religion, Berserk, Trog's Hand


You were on level 4 of the Dungeon.
You worshipped Trog.
Trog was most pleased with you.
You visited 1 branch of the dungeon, and saw 4 of its levels.
You also visited: Sewer.

You collected 266 gold pieces.

Inventory:

Hand Weapons
 a - a +1 hand axe (weapon)
Missiles
 g - a curare-tipped dart
 p - 25 poisoned darts (quivered)
Armour
 h - a +1 ring mail (worn)
Jewellery
 b - the ring "Itacisudgh" (right hand) {rF- rC+ MP+9 Int+3 Slay+6}
   (You found it on level 3 of the Dungeon)

   [ring of magical power]

   Int:       It affects your intelligence (+3).
   Slay:      It affects your accuracy & damage with ranged weapons and melee
   (+6).
   rF:        It makes you vulnerable to fire.
   rC:        It protects you from cold.
   MP:        It affects your magic capacity (+9).
 f - a +6 ring of intelligence
 i - a ring of willpower (left hand)
 j - an amulet of magic regeneration
Scrolls
 m - a scroll of enchant armour
 o - 3 scrolls of teleportation
 q - 2 scrolls of brand weapon {unknown}
 r - a scroll of identify
 s - a scroll of blinking
 t - a scroll of fear {unknown}
 u - a scroll of noise {unknown}
Potions
 c - a potion of cancellation
 d - a potion of brilliance {unknown}
 e - a potion of lignification
 k - 3 potions of haste {unknown}
 l - 2 potions of attraction
 n - 2 potions of heal wounds {unknown}


   Skills:
 + Level 5.6 Fighting
 + Level 5.7 Axes
 + Level 5.1 Armour
 + Level 4.5 Dodging


You had 6 spell levels left.
You didn't know any spells.
Your spell library was empty.

Dungeon Overview and Level Annotations

Branches:
Dungeon (4/15)              Sewer (visited)
 Temple: D:4-7

Altars:


Innate Abilities, Weirdness & Mutations

You have a pair of horns on your head.
You reflexively headbutt those who attack you in melee.


Message History

The puff of flame hits you! The fire burns you terribly!
You miss something.
The adder hisses angrily.
You slash the kobold!
You kill the kobold!
Trog accepts your kill. Something hits you but does no damage.
You barely miss something. Your headbutt misses something. Something hits you.
You hear some strange, mumbled words.
A puff of flame appears from out of thin air!
The puff of flame hits you! The fire burns you terribly!
* * * LOW HITPOINT WARNING * * *
Things that are here:
a +0 whip; 3 stones; a kobold corpse The adder bites you but does no damage. x2
A puff of flame appears from out of thin air!
The puff of flame hits you! The fire burns you terribly!
* * * LOW HITPOINT WARNING * * *
You miss the adder. The adder misses you.
A magic dart appears from out of thin air!
The magic dart hits you.
* * * LOW HITPOINT WARNING * * *
You slash the adder!
The adder is almost dead.
The adder misses you. You furiously retaliate!
You headbutt the adder!
You kill the adder!
Trog accepts your kill. Something hits you.
* * * LOW HITPOINT WARNING * * *
Things that are here:
a +0 whip; 3 stones; a kobold corpse You closely miss something.
Something hits you but does no damage.
You closely miss something.
You hear some strange, mumbled words.
Something tries to affect you, but you resist.
You miss something.
You hear some strange, mumbled words.
A puff of flame appears from out of thin air!
The puff of flame hits you! The fire burns you terribly!
You die...

## .# ##.#
####..#### .........
##.)...##
##.){....####
########..)@†.......
#........<......##.
#.########.....##
#.# ##....... #.#
##^####... #.# ###
.# #.# # #.# #.#


There were no monsters in sight!

Vanquished Creatures
  4 kobold brigands (Sewer)
  A gnoll bouda (D:3)
  Robin (D:3)
  5 gnolls (D:3)
  6 adders
  2 worms (D:2)
  4 dart slugs
  4 orcs (D:4)
  7 endoplasms
  10 giant cockroaches
  13 goblins
  A hobgoblin (D:3)
  3 jackals (D:2)
  7 quokkas
  6 ball pythons
  9 bats
  10 frilled lizards
  14 kobolds
  10 rats
117 creatures vanquished.

Notes
Turn   | Place    | Note
-------+----------+-------------------------------------------
     0 | D:1      | sampeng1 the Minotaur Berserker began the quest for the
                  | Orb.
     0 | D:1      | Reached XP level 1. HP: 19/19 MP: 0/0
   150 | D:1      | Reached XP level 2. HP: 27/27 MP: 1/1
   500 | D:1      | Reached XP level 3. HP: 33/33 MP: 2/2
  1056 | D:2      | Reached ** piety under Trog
  1203 | D:2      | Reached XP level 4. HP: 40/40 MP: 3/3
  1596 | D:3      | Identified the ring "Itacisudgh" {rF- rC+ MP+9 Int+3
                  | Slay+6}
  1619 | D:3      | Found a glowing drain.
  1646 | Sewer    | Entered a sewer
  1805 | Sewer    | Noticed a kobold brigand
  1811 | Sewer    | Killed a kobold brigand
  1812 | Sewer    | Reached XP level 5. HP: 35/47 MP: 4/4
  1906 | Sewer    | Reached skill level 5 in Fighting
  1906 | Sewer    | Reached skill level 5 in Axes
  1942 | Sewer    | Reached *** piety under Trog
  1975 | Sewer    | Reached XP level 6. HP: 39/56 MP: 5/5
  2232 | D:3      | Identified the +0 falchion "Tunottovo" {heavy, rF++}
  2420 | D:3      | Noticed Robin
  2423 | D:3      | Killed Robin
  2578 | D:3      | Reached skill level 5 in Armour
  2795 | D:3      | Reached XP level 7. HP: 61/61 MP: 6/6
  3119 | D:4      | HP: 3/62 [something (1)]
  3122 | D:4      | Killed from afar by an orc wizard

Illustrated notes

Levels and vault maps discovered:
D:1:      psy_arrival_statuary, layout_loops_ring, hex_large,
          minmay_pentomino_t4
D:2:      layout_basic
D:3:      layout_basic, gup_sewer_entry_pipe, uniq_robin
D:4:      layout_loops_ring, nicolae_hepliaklqana_hazy_memory,
          mainiacjoe_overflow_boulevard

Skill      XL: |  1  2  3  4  5  6 |
---------------+-------------------+-----
Axes           | 4 5 |  5.7
Fighting       | 4 5 |  5.6
Armour         | 3 4 5 |  5.1
Dodging        | 3 4 |  4.5

Action                     |  1- 3 |  4- 6 |  7- 9 || total
---------------------------+-------+-------+-------++-------
  Melee: Hand axe          |    80 |   109 |    13 ||   202
         Headbutt          |    14 |    13 |       ||    27
         Punch             |       |     1 |       ||     1
    Use: Scroll            |     6 |     6 |       ||    12
         Potion            |       |     1 |       ||     1
 Armour: Animal skin       |    14 |       |       ||    14
         Ring mail         |    12 |    29 |     9 ||    50
  Dodge: Dodged            |    45 |    63 |     8 ||   116
